 Dungeon Crawl Stone Soup version 0.17.2-1-ge4368a0 (webtiles) character file.

2203 Goblin1989 the Grappler (level 9, -2/83 HPs)
             Began as a Troll Transmuter on Mar 16, 2017.
             Was an Initiate of Cheibriados.
             Slain by an elephant (11 damage)
             ... on level 8 of the Dungeon.
             The game lasted 00:22:52 (7283 turns).

Goblin1989 the Grappler (Troll Transmuter)          Turns: 7283, Time: 00:22:54

Health: -2/83      AC:  8    Str: 21      XL:     9   Next: 12%
Magic:  9/9        EV: 12    Int:  8 (10) God:    Cheibriados [......]
Gold:   388        SH:  0    Dex: 16      Spells: 2 memorised, 7 levels left

rFire  . . .     SeeInvis .       - Unarmed
rCold  . . .     Clarity  .     b - +0 robe
rNeg   . . .     SustAt   .     (no shield)
rPois  .         Gourm    +     (helmet restricted)
rElec  .         Spirit   .     y - +2 cloak
rCorr  .         Warding  .     (gloves unavailable)
rMut   .         Stasis   .     (boots unavailable)
MR     .....                    (no amulet)
Stlth  ++........               x - ring of stealth
                                w - +2 ring of dexterity

@: about to teleport, very slow, not resistant to hostile enchantments,
unstealthy
A: unfitting armour, claws 3, fast metabolism 3, gourmand, regeneration 2,
shaggy fur 1, tough skin 2, wild magic 1
a: Bend Time, Renounce Religion


You were on level 8 of the Dungeon.
You worshipped Cheibriados.
Cheibriados was noncommittal.
You were not hungry.

You visited 2 branches of the dungeon, and saw 9 of its levels.
You also visited: Sewer.

You collected 388 gold pieces.

Inventory:

Missiles
 a - 88 arrows
 Z - 2 throwing nets {!d, =f}
Armour
 b - a +0 robe (worn)
 k - a +0 cloak
 y - a +2 cloak (worn)
Jewellery
 w - a +2 ring of dexterity (left claw)
 x - a ring of stealth (right claw)
Wands
 D - a wand of random effects (26)
 E - a wand of cold (3)
 G - a wand of slowing (11)
Scrolls
 m - a scroll of noise {unknown}
 n - 6 scrolls of remove curse {@r2}
 r - a scroll of recharging
 t - 3 scrolls of immolation
 A - 3 scrolls of enchant armour
 M - 2 scrolls of magic mapping
 R - 6 scrolls of identify {@r1}
Potions
 d - 3 potions of agility
 f - a potion of ambrosia {unknown}
 i - 2 potions of cancellation {unknown}
 l - a potion of lignification {unknown}
 o - 3 potions of flight {unknown}
 q - 3 potions of degeneration
 s - 3 potions of poison {unknown}
 u - 2 potions of heal wounds {unknown}
 v - 2 potions of mutation {unknown}
 z - 3 potions of curing {unknown}
 F - a potion of berserk rage {unknown}
 H - 2 potions of resistance {unknown}
Books
 c - a book of Changes

   Spells                             Type                      Level
   a - Beastly Appendage              Transmutation                1
   b - Sticks to Snakes               Transmutation                2
   c - Spider Form                    Transmutation/Poison         3
   d - Ice Form                       Ice/Transmutation            4
   e - Blade Hands                    Transmutation                5
Comestibles
 e - 6 bread rations {@e1}
 h - 3 slices of pizza
 I - a meat ration {@e2}


   Skills:
 + Level 3.5 Fighting
 + Level 3.9 Dodging
 * Level 9.5 Unarmed Combat
 - Level 1.2 Spellcasting
 - Level 4.1 Transmutations


You had 7 spell levels left.
You knew the following spells:

 Your Spells              Type           Power        Failure   Level  Hunger
a - Beastly Appendage     Trmt           ##....       19%         1    ##.....
b - Sticks to Snakes      Trmt           ##........   26%         2    ###....


Dungeon Overview and Level Annotations

Branches:
Dungeon (8/15)             Temple (1/1) D:5            Lair (0/8) D:8

Altars:
Ashenzari
Cheibriados
Dithmenos
Elyvilon
Fedhas
Gozag
Kikubaaqudgha
Makhleb
Nemelex Xobeh
Okawaru
Qazlal
Ru
Sif Muna
Trog
Vehumet
Xom
Yredelemnul
Zin
The Shining One

Shops:
D:4 (


Innate Abilities, Weirdness & Mutations

You are too large for most types of armour.
You have claws for hands.
Your metabolism is lightning-fast.
You like to eat raw meat.
You heal very quickly.
You are covered in fur (AC +1).
You have very tough skin (AC +2).
Your spells are a little harder to cast, but a little more powerful.


Message History

A - 3 scrolls of enchant armour;
R - 6 scrolls of identify The black bear bites you but does no damage.
The black bear claws you but does no damage. x2
A giant frog comes into view.
Read which item? (? for menu, Esc to quit)
As you read the scroll labeled XAIBAE KEDDA, it crumbles to dust.
It is a scroll of recharging.
Charge which item? (? for menu, Esc to quit)
Your wand of cold glows for a moment.
The black bear barely misses you.
The black bear claws you but does no damage.
The black bear closely misses you. The elephant closely misses you.
The elephant barely misses you.
Read which item? (? for menu, Esc to quit)
As you read the scroll labeled MET QISAREULA, it crumbles to dust.
The creatures around you are filled with an inner flame!
It was a scroll of immolation.
The black bear bites you.
* * * LOW HITPOINT WARNING * * *
The black bear claws you but does no damage. x2
The elephant barely misses you.
The elephant trunk-slaps you but does no damage.
Unknown command.
Read which item? (? for menu, Esc to quit)
As you read the scroll labeled JUIMYO LOFYSK, it crumbles to dust.
Wisps of shadow whirl around you...
The shadows disperse without effect.
It was a scroll of summoning.
The black bear bites you but does no damage.
The black bear claws you.
* * * LOW HITPOINT WARNING * * *
The black bear claws you.
* * * LOW HITPOINT WARNING * * *
The elephant tramples you but does no damage.
The elephant trunk-slaps you.
* * * LOW HITPOINT WARNING * * *
You take 5 damage, and have 32/83 hp.
Unknown command.
Drink which item? (? for menu, Esc to quit)
Okay, then.
Read which item? (? for menu, Esc to quit)
As you read the scroll labeled SIMEC AMODD, it crumbles to dust.
You assume a fearsome visage.
The sheep looks frightened!
The sheep bleats in terror.
The elephant looks frightened!
The giant frog looks frightened!
The wyvern skeleton is unaffected.
The ball python looks frightened!
The black bear looks frightened!
The hungry ghost is unaffected.
It was a scroll of fear.
Cornered, the ball python turns to fight!
Unknown command.
Cornered, the black bear turns to fight!
A hound, 2 orcs and an orc warrior come into view.
The black bear bites you but does no damage.
The black bear claws you but does no damage. x2
The hungry ghost barely misses you.
The crimson imp blinks!
An ogre comes into view. It is wielding a giant club.
A hippogriff comes into view.
The hungry ghost completely misses you. The black bear closely misses you.
The black bear claws you but does no damage. x2
A scorpion comes into view.
The hungry ghost hits you.
* * * LOW HITPOINT WARNING * * *
You feel a lot more hungry. The ogre hits you with a giant club!!
* * * LOW HITPOINT WARNING * * *
The hungry ghost hits you.
You feel a lot more hungry.
You take 21 damage, and have 14/83 hp.
MASSIVE DAMAGE!!
The black bear bites you.
* * * LOW HITPOINT WARNING * * *
The black bear claws you but does no damage.
The black bear barely misses you. The ogre closely misses you.
You take 3 damage, and have 11/83 hp.
The black bear bites you.
* * * LOW HITPOINT WARNING * * *
The black bear claws you.
* * * LOW HITPOINT WARNING * * *
The black bear misses you.
You take 3 damage, and have 8/83 hp.
Read which item? (? for menu, Esc to quit)
As you read the scroll labeled YHUDAL EDWEZY, it crumbles to dust.
Forget which spell ([?*] list [ESC] exit)?
Forget which spell ([?*] list [ESC] exit)?
Okay, then.
It was a scroll of amnesia.
The black bear bites you.
* * * LOW HITPOINT WARNING * * *
The black bear closely misses you.
The black bear claws you but does no damage.
You take 2 damage, and have 6/83 hp.
Read which item? (? for menu, Esc to quit)
As you read the scroll labeled YJAOCE XYFREM, it crumbles to dust.
You feel strangely unstable.
It was a scroll of teleportation.
The black bear bites you but does no damage.
The black bear claws you but does no damage.
The black bear closely misses you.
The elephant seems to regain its courage.
The sentinel's mark upon you fades away.
Drink which item? (? for menu, Esc to quit)
It was a potion of degeneration.
There was something very wrong with that liquid.
You feel dopey.
The black bear bites you but does no damage.
The black bear closely misses you. x2
The elephant tramples you!
You die... █ █.....†..█ ████g█ ██.......██ █o.o.█ ██...█Y..████.█ █..██.█....ZS█ █..███....Wh███ ...█ █..███H█ █...█ █....█ █O█ █.█. ...█.██ █h█

..█ .███.█
█@██.........██
█.█
█Y█...........█.
█...P...........
█.......>.......
█...........P...
█.█.....g..P..█
█.██....ag...█
█.█ ██.....█
██..█████Z███...


You could see an elephant (inner flame), a hippogriff, a hungry ghost (inner
flame), a black bear (inner flame), an ogre, a hound and a wyvern skeleton
(inner flame).

Vanquished Creatures
  A hippogriff (D:8)
  An ice beast (D:5)
  Purgy (Sewer)
  2 sky beasts
  2 black bears
  2 ogres (D:6)
  A phantom (D:6)
  A centaur (D:6)
  A crocodile (D:8)
  Blork the orc (D:4)
  2 giant frogs
  A water moccasin skeleton (D:7)
  7 wights (D:6)
  2 crimson imps
  A centaur zombie (D:3)
  A jelly (D:7)
  3 iguanas
  3 worker ants
  Terence (D:3)
  An orc wizard (D:6)
  A hound zombie (D:5)
  A worker ant zombie (D:8)
  9 adders
  An adder zombie (D:6)
  2 adder skeletons (D:5)
  4 worms
  3 giant geckos
  15 orcs
  10 giant cockroaches
  12 hobgoblins
  10 jackals
  2 ball pythons (D:7)
  9 bats
  7 giant newts
  11 goblins
  A jackal skeleton (D:4)
  11 kobolds
  2 quokkas (D:4)
  A quokka skeleton (D:5)
  9 rats
156 creatures vanquished.

Notes
Turn   | Place    | Note
--------------------------------------------------------------
     0 | D:1      | Goblin1989 the Troll Transmuter began the quest for the Orb.
     0 | D:1      | Reached XP level 1. HP: 18/18 MP: 1/1
   142 | D:1      | Reached XP level 2. HP: 26/26 MP: 2/2
   246 | D:1      | Goblin1989: сейчас сработает закон подлости и статуя мне нифига не попадется вообще за всю игру
   307 | D:1      | Reached skill level 4 in Unarmed Combat
   583 | D:1      | Reached XP level 3. HP: 32/32 MP: 3/3
   993 | D:2      | Wingboner: Ну так не одной статуей же.
  1027 | D:2      | Wingboner: Дракон тоже годится.
  1041 | D:2      | Wingboner: Или броня+руки-ножницы
  1041 | D:2      | Goblin1989: да мне именно когти каменные потестить хочется
  1202 | D:2      | Found a deep blue altar of Sif Muna.
  1202 | D:2      | Found a sparkling altar of Nemelex Xobeh.
  1202 | D:2      | Found a white marble altar of Elyvilon.
  1258 | D:2      | Wingboner: А, ну не парься. Выпадет почти гарантированно, просто может не сразу.
  1275 | D:2      | Learned a level 2 spell: Sticks to Snakes
  1766 | D:2      | Found a burning altar of Makhleb.
  1822 | D:3      | Reached XP level 4. HP: 40/40 MP: 4/4
  1908 | D:3      | Found a glowing drain.
  1913 | Sewer    | Entered a sewer
  2108 | Sewer    | Noticed Purgy
  2133 | Sewer    | Killed Purgy
  2133 | Sewer    | Reached XP level 5. HP: 5/46 MP: 5/5
  2300 | D:3      | Found an opulent altar of Gozag.
  2355 | D:3      | Noticed Terence
  2361 | D:3      | Killed Terence
  2438 | D:3      | fotsohgehT: !beem
  2438 | D:3      | beem: I'm a bot that sends commands to the DCSS IRC knowledge bots. For details, see https://github.com/gammafunk/beem/blob/master/docs/commands.md and to have me watch your games on this server, type: !subscribe
  2606 | D:3      | Reached XP level 6. HP: 54/54 MP: 6/6
  3173 | D:3      | fotsohgehT: let's do it the hard way
  3255 | D:4      | fotsohgehT: !lg * race=troll god=gozag won
  3255 | D:4      | beem: 6. pedritolo the Wrestler (L25 TrGl of Gozag), escaped with the Orb and 3 runes on 2016-11-09 15:51:57, with 2105228 points after 44337 turns and 3:39:41.
  3255 | D:4      | fotsohgehT: !lg * race=troll god=gozag won -log
  3255 | D:4      | beem: 6. pedritolo, XL25 TrGl, T:44337: http://crawl.xtahua.com/crawl/morgue/pedritolo/morgue-pedritolo-20161109-155157.txt
  3310 | D:4      | Wingboner: А что ты хочешь найти?
  3313 | D:4      | Wingboner: Давай я помогу.
  3408 | D:4      | fotsohgehT: выигрывал ли кто троллем гозага
  3441 | D:4      | Found Soomur's Antique Weapon Emporium.
  3444 | D:4      | Wingboner: А, ну вон ты нашёл.
  3643 | D:4      | Wingboner: !lg * race=troll god=gozag won s=name
  3655 | D:4      | beem: 6 games for * (race=troll god=gozag won): badtown, dpeg, pedritolo, penismuncher, Piginabag, Rast
  3655 | D:4      | Reached skill level 5 in Unarmed Combat
  3719 | D:4      | Gained mutation: Your spells are a little harder to cast, but a little more powerful. [mutagenic meat]
  3908 | D:4      | Noticed Blork the orc
  3919 | D:4      | Killed Blork the orc
  3919 | D:4      | Reached skill level 6 in Unarmed Combat
  3919 | D:4      | Reached XP level 7. HP: 49/61 MP: 7/7
  4201 | D:5      | Entered Level 5 of the Dungeon
  4292 | D:5      | HP: 1/61 [iguana (6)]
  4330 | D:5      | Found a staircase to the Ecumenical Temple.
  4347 | Temple   | Entered the Ecumenical Temple
  5143 | D:5      | Reached skill level 7 in Unarmed Combat
  5286 | D:6      | Reached skill level 1 in Fighting
  5556 | D:6      | Reached XP level 8. HP: 29/70 MP: 8/8
  5836 | D:6      | Reached skill level 8 in Unarmed Combat
  6363 | D:6      | Found a stormy altar of Qazlal.
  6547 | D:7      | Reached skill level 9 in Unarmed Combat
  6819 | D:7      | Found an ancient bone altar of Kikubaaqudgha.
  7040 | D:8      | Found a staircase to the Lair.
  7040 | D:8      | Noticed an elephant
  7161 | D:8      | Reached XP level 9. HP: 74/83 MP: 9/9
  7188 | D:8      | Found a snail-covered altar of Cheibriados.
  7199 | D:8      | Became a worshipper of Cheibriados the Contemplative
  7270 | D:8      | fotsohgehT: t должен быть теле
  7271 | D:8      | Goblin1989: ne tele
  7283 | D:8      | Slain by an elephant

Action                   |  1- 3 |  4- 6 |  7- 9 || total
-------------------------+-------+-------+-------++-------
Melee: Unarmed           |   120 |   169 |   241 ||   530
 Cast: Sticks to Snakes  |       |     3 |     2 ||     5
  Use: Scroll            |       |     4 |     7 ||    11
       Potion            |       |       |     1 ||     1
 Stab: Sleeping          |       |     3 |     6 ||     9
       Distracted        |       |     1 |       ||     1
  Eat: Chunk             |    19 |    23 |    17 ||    59
       Beef jerky        |       |       |     1 ||     1
       Meat ration       |       |       |     1 ||     1
       Bread ration      |       |       |     1 ||     1

Vault maps used:
D:1:      dpeg_arrival_tiny_f, kennysheep_decorative_pillar
D:2:      marbit_many_paths, gammafunk_temple_overflow_forgotten
D:3:      wad_river_or_something, first_bread, lightli_sewer_entry_pipes,
          nicolae_gozag_cash_rules_everything_around_me, uniq_terence
D:4:      serial_shops, kennysheep_mini, uniq_blork_the_orc
D:5:      minmay_temple_entry_trees, enter_ossuary_1
D:6:      kennysheep_mini_moat
D:7:      nicolae_overflow_crystal_walls
D:8:      slow_altar_2, david_lair_generic
Temple:   eino_narrow_crystal_temple_b_12
Sewer:    kennysheep_door_sewer
